 Dungeon Crawl Stone Soup version 0.15-a0-756-g319e367 (webtiles) character file.

47 Quh the Charmwright (level 3, 0/18 (22) HPs)
             Began as a High Elf Skald on May 12, 2014.
             Succumbed to an adder's poison
             ... on Level 2 of the Dungeon.
             The game lasted 00:06:19 (1681 turns).

Quh the Charmwright (High Elf Skald)                Turns: 1681, Time: 00:06:19

HP   0/18 (22)   AC  4     Str 10      XL: 3   Next: 48%
MP   8/8         EV 10     Int 16      God:
Gold 24          SH  0     Dex 14      Spells:  3 memorised,  1 level left

rFire  + . .     SeeInvis .     a - +0 falchion
rCold  + . .     Clarity  .     b - +0 leather armour
rNeg   . . .     Conserve .     (no shield)
rPois  +         rCorr    .     q - +0 helmet
rElec  +         rRot     .     (no cloak)
SustAb . .       Spirit   .     (no gloves)
rMut   .         Warding  .     (no boots)
Gourm  .         Stasis   .     (no amulet)
MR     .....                    (no ring)
                                (no ring)

@: flying, lethally poisoned, very slightly contaminated, hasted, bribing [],
very quick, not resistant to hostile enchantments, very unstealthy
A: frail 1, weak 1, wild magic 1
a: no special abilities


You were on level 2 of the Dungeon.
You were not hungry.

You visited 1 branch of the dungeon, and saw 2 of its levels.

You collected 24 gold pieces.

Inventory:

Hand weapons
 a - a +0,+0 falchion (weapon)
Missiles
 h - a dart (quivered)
 l - 34 arrows
Armour
 b - a +0 leather armour (worn)
 e - a +0 chain mail
 q - a +0 helmet (worn)
Comestibles
 d - a bread ration
 o - a meat ration
 t - a chunk of worm flesh
Scrolls
 f - 2 scrolls of enchant weapon I {unknown}
 g - 2 scrolls of identify {unknown}
 i - 2 scrolls of fear {unknown}
 k - a scroll of noise {unknown}
 m - a scroll of fog {unknown}
 p - 2 scrolls of teleportation {unknown}
 u - a scroll of enchant weapon II {unknown}
Books
 c - a book of Battle

   Spells                             Type                      Level
   *Infusion                          Charms                       1
   *Shroud of Golubria                Charms/Translocation         2
   *Song of Slaying                   Charms                       2
   Spectral Weapon                    Hexes/Charms                 3
   Regeneration                       Charms/Necromancy            3


   Skills:
 + Level 2.4 Fighting
 * Level 3.8 Long Blades
 - Level 0.8 Armour
 + Level 1.5 Dodging
 - Level 2.4 Spellcasting
 + Level 4.0 Charms


You had one spell level left.
You knew the following spells:

 Your Spells              Type           Power        Failure   Level  Hunger
a - Infusion              Chrm           ###...       11%         1    #......
b - Song of Slaying       Chrm           ###.....     16%         2    ##.....
c - Shroud of Golubria    Chrm/Tloc      ##........   26%         2    ##.....


Dungeon Overview and Level Annotations

Branches:
Dungeon (2/15)

Altars:
Cheibriados
Kikubaaqudgha
Qazlal
Xom
The Shining One


Innate Abilities, Weirdness & Mutations

You are frail (-10% HP).
You are weak. (Str -2)
Your spells are a little harder to cast, but a little more powerful.


Message History

It was a potion of resistance.
* * * LOW HITPOINT WARNING * * *
You feel sick.
Drink which item? (? for menu, Esc to quit)
You feel yourself speed up.
It was a potion of haste.
Drink which item? (? for menu, Esc to quit)
You feel your flesh rotting away!
It was a potion of decay.
Drink which item? (? for menu, Esc to quit)
You feel very buoyant.
You fly up into the air.
It was a potion of flight.
Drink which item? (? for menu, Esc to quit)
You feel extremely strange.
You feel weaker.
You feel less in control of your magic.
You feel frail.
It was a potion of mutation.
* * * LOW HITPOINT WARNING * * *
You feel sick.
There is a lethal amount of poison in your body!
There is a lethal amount of poison in your body!
You die...

#######.........#
#....###.##
##.### .# #.# #
#.# #.# #.# #.#
#@# #.# #.# #.#
#.# #.# #.# ...
..#


There were no monsters in sight!

Vanquished Creatures
  2 adders (D:2)
  A worm (D:2)
  2 giant cockroaches
  3 hobgoblins
  3 jackals (D:2)
  3 bats
  A giant newt (D:1)
  4 goblins
  4 kobolds (D:1)
  A quokka (D:1)
  2 rats
26 creatures vanquished.

Notes
Turn   | Place    | Note
--------------------------------------------------------------
     0 | D:1      | Quh, the High Elf Skald, began the quest for the Orb.
     0 | D:1      | Reached XP level 1. HP: 14/14 MP: 4/4
   693 | D:1      | Reached XP level 2. HP: 10/19 MP: 6/6
  1023 | D:1      | Learned a level 2 spell: Song of Slaying
  1026 | D:1      | Learned a level 2 spell: Shroud of Golubria
  1306 | D:2      | Found an ancient bone altar of Kikubaaqudgha.
  1307 | D:2      | Found a shimmering altar of Xom.
  1307 | D:2      | Found a snail-covered altar of Cheibriados.
  1311 | D:2      | Found a glowing golden altar of the Shining One.
  1312 | D:2      | Found a stormy altar of Qazlal.
  1438 | D:2      | Reached skill level 4 in Charms
  1438 | D:2      | Reached XP level 3. HP: 15/24 MP: 2/8
  1675 | D:2      | Gained mutation: You are weak. (Str -2) [potion of mutation]
  1675 | D:2      | Gained mutation: Your spells are a little harder to cast, but a little more powerful. [potion of mutation]
  1675 | D:2      | Gained mutation: You are frail (-10% HP). [potion of mutation]
  1681 | D:2      | Succumbed to an adder's poison

Action                   || total
-------------------------++-------
Melee: Falchion          ||    98
Throw: Dart              ||     5
 Cast: Shroud of Golubri ||     3
       Infusion          ||     1
       Song of Slaying   ||     1
  Use: Potion            ||     5
